 Dungeon Crawl Stone Soup version 0.20-a0-809-gaf7f668 (webtiles) character file.

498577 Alarkh the Warrior (level 24, -14/231 HPs)
             Began as a Demonspawn Fighter on Mar 2, 2017.
             Was the Champion of Okawaru.
             Killed from afar by a frost giant (72 damage)
             ... with a bolt of cold
             ... on level 3 of the Depths.
             The game lasted 02:58:48 (69958 turns).

Alarkh the Warrior (Demonspawn Fighter)            Turns: 69958, Time: 02:58:49

Health: -14/231    AC: 20    Str: 18    XL:     24   Next: 0%
Magic:  42/42      EV: 28    Int: 22    God:    Okawaru [******]
Gold:   1411       SH: 17    Dex: 22    Spells: 40/53 levels left

rFire    + + .     SeeInvis +   a - +3 demon blade (venom)
rCold    x x .     Gourm    .   c - +8 fire dragon scales
rNeg     . . .     Faith    +   v - +3 shield of the Sky {rPois rC- Dex+4 Slay+2}
rPois    +         Spirit   .   (helmet unavailable)
rElec    +         Reflect  .   B - scarf "Wadepups" {rF- Int+5 Dex-2 SInv}
rCorr    .         Harm     .   (no gloves)
MR       ++...                  p - +2 pair of boots {run}
Stlth    +++++++...             L - amulet of faith
Regen    0.9/turn               C - ring of protection from magic
MPRegen  0.3/turn               R - ring of Shaolin {EV+8}

@: about to teleport, studying Spellcasting, drained, quick
A: horns 3, thin skeletal structure 3, deformed body, dopey 1, fire resistance
1, ignite blood, nightstalker 3, regeneration 1, robust 2, electricity
resistance, flame cloud immunity, subdued magic 1
}: 2/15 runes: decaying, gossamer
a: Heroism, Finesse, Renounce Religion


You were on level 3 of the Depths.
You worshipped Okawaru.
Okawaru was exalted by your worship.
You were not hungry.

You visited 9 branches of the dungeon, and saw 42 of its levels.
You also visited: Sewer, Ossuary, Ice Cave, Wizlab and Desolation.

You collected 5799 gold pieces.
You spent 4388 gold pieces at shops.

Inventory:

Hand Weapons
 a - a +3 demon blade of venom (weapon)
 b - a +2 double sword of protection
 w - a +3 scimitar of flaming
Armour
 c - +8 fire dragon scales (worn)
 n - +0 steam dragon scales
 p - a +2 pair of boots of running (worn)
 v - the +3 shield of the Sky (worn) {rPois rC- Dex+4 Slay+2}
   (You bought it in a shop on level 12 of the Dungeon)

   It affects your dexterity (+4).
   It affects your accuracy and damage with ranged weapons and melee attacks
   (+2).
   It makes you vulnerable to cold.
   It protects you from poison.
 x - a +0 troll leather armour
 y - the +0 pair of gloves "Qozaxt" {rElec rC++ MP+9 Int-4}
   (Okawaru gifted it to you on level 3 of the Lair of Beasts)

   It affects your intelligence (-4).
   It greatly protects you from cold.
   It insulates you from electricity.
   It affects your magic capacity (+9).
 B - the scarf "Wadepups" (worn) {rF- Int+5 Dex-2 SInv}
   (Okawaru gifted it to you on level 2 of the Swamp)

   It affects your intelligence (+5).
   It affects your dexterity (-2).
   It makes you vulnerable to fire.
   It lets you see invisible.
 O - a scarf of repulsion
Magical Staves
 H - an uncursed staff of summoning
Jewellery
 z - an uncursed ring of wizardry
 C - a ring of protection from magic (right hand)
 L - an amulet of faith (around neck)
 R - the ring of Shaolin (left hand) {EV+8}
   (You found it in a wizard's laboratory)

   [ring of evasion]

   It affects your evasion (+8).
 Z - an uncursed ring of resist corrosion
Wands
 k - a wand of digging (6/24)
Scrolls
 e - 2 scrolls of identify
 f - 4 scrolls of blinking
 g - 20 scrolls of teleportation
 l - 3 scrolls of fear
 q - 6 scrolls of fog
 r - 9 scrolls of recharging
 A - 8 scrolls of magic mapping
 D - 17 scrolls of remove curse
 N - 2 scrolls of enchant armour
 U - 4 scrolls of silence
 X - 2 scrolls of summoning
Potions
 i - 5 potions of agility
 o - 8 potions of curing
 s - 3 potions of invisibility
 t - 4 potions of brilliance
 E - 5 potions of cancellation
 I - 14 potions of haste
 J - 7 potions of resistance
 K - 4 potions of flight
 M - 5 potions of might
 P - 2 potions of heal wounds
Books
 d - a book of Power

   Spells                             Type                      Level
   a - Iskenderun's Battlesphere      Conjuration/Charms           5
   b - Venom Bolt                     Conjuration/Poison           5
   c - Bolt of Magma                  Conjuration/Fire/Earth       5
   d - Iron Shot                      Conjuration/Earth            6
   e - Orb of Destruction             Conjuration                  7
   f - Spellforged Servitor           Conjuration/Summoning        7
 S - a manual of Spellcasting
Comestibles
 h - 17 bread rations
 j - a meat ration
 m - 4 royal jellies
 u - 3 chunks of flesh


   Skills:
 - Level 16.7(15.3) Fighting
 - Level 16.0(14.6) Long Blades
 - Level 15.3(14.0) Armour
 - Level 15.3(14.0) Dodging
 - Level 8.7(7.6) Stealth
 - Level 15.5(14.1) Shields
 + Level 15.2(13.8) Spellcasting
 * Level 8.3(7.2) Conjurations
 * Level 8.2(7.1) Summonings
 * Level 7.4(6.3) Earth Magic
 - Level 8.0(6.8) Invocations
 - Level 8.0(6.8) Evocations


You had 40 spell levels left.
You knew the following spells:

 Your Spells              Type           Power        Failure   Level  Hunger
a - Iron Shot             Conj/Erth      ####......   94%         6    #####..
c - Spellforged Servitor  Conj/Summ      #####.....   100%        7    ######.


Dungeon Overview and Level Annotations

Branches:
Dungeon (15/15)            Temple (1/1) D:6            Lair (6/6) D:9
  Swamp (4/4) Lair:2       Spider (4/4) Lair:2        Slime (0/5) Lair:6
    Orc (2/2) D:10            Elf (3/3) Orc:2        Vaults (4/5) D:13
  Crypt (0/3) Vaults:3     Depths (3/5) D:15

Altars:
Ashenzari
Cheibriados
Dithmenos
Elyvilon
Fedhas
Gozag
Hepliaklqana
Kikubaaqudgha
Makhleb
Nemelex Xobeh
Okawaru
Qazlal
Ru
Sif Muna
Trog
Uskayaw
Vehumet
Wu Jian
Xom
Yredelemnul
Zin
The Shining One
Beogh

Shops:
D:6 ?   D:12 [   D:13 :   D:15 [=*}(   Orc:1 =   Orc:2 [:?!   Elf:1 [
Elf:2 }==*   Vaults:2 ?   Depths:1 *

Portals:
Hell: Depths:1 Depths:2 Depths:3
Abyss: Depths:1 Depths:3
Pandemonium: Orc:2 Depths:3
Trove: Elf:2 (give 8 scrolls of blinking)

Annotations:
Depths:1 2 runed doors


Innate Abilities, Weirdness & Mutations

You have a pair of large horns on your head.
You have an unnaturally thin skeletal structure. (Dex +6, Stealth++)
Your flesh is heat resistant. (rF+)
Your demonic aura causes spilled blood to erupt in flames.
You are completely attuned to the shadows.
You are very robust. (+20% HP)
You are immune to clouds of flame.
Armour fits poorly on your strangely shaped body.
You are dopey. (Int -2)
Your natural rate of healing is unusually fast.
You are resistant to electric shocks. (rElec)
Your spells are a little easier to cast, but a little less powerful.


Message History

As you read the scroll of teleportation, it crumbles to dust.
You feel strangely unstable.
The vampire knight is engulfed in blazing flames.
The frost giant is engulfed in blazing flames. x2
The vampire knight hits you with a war axe.
* * * LOW HITPOINT WARNING * * *
You block the vampire knight's attack.
The tengu reaver casts a spell.
The frost giant is engulfed in blazing flames.
The vampire knight is engulfed in blazing flames.
You destroy the vampire knight!
Okawaru accepts your kill.
You have reached level 24!
Your experience leads to an increase in your attributes!
Your base attributes are Str 18, Int 17, Dex 18.
Increase (S)trength, (I)ntelligence, or (D)exterity?
You feel clever. x2
The frost giant casts a spell at you. The bolt of cold hits you!
You feel a terrible chill!
You die...

......#########C###
............#[#....#
..........#.'.#....#
.....###.))#.'V...'
.... ##.Q#[#....# ..
#C§####'### #§§CC#
... # #§§§.###### #
###..@....# ######
#.[.....#######.....
######..............
#........)..###
############# #


You could see 2 frost giants, a tengu reaver and an ettin.

Vanquished Creatures
  Boris (Depths:3)
  Frederick (Depths:3)
  Sojobo (Vaults:4)
  Saint Roka (Orc:2)
  A caustic shrike (Depths:2)
  Jory (Vaults:4)
  Nikola (Spider:2)
  A lich (Depths:2)
  Arachne (Spider:4)
  A Cloud Mage (WizLab)
  Jorgrun (Depths:1)
  A tentacled monstrosity (Depths:2)
  3 large abominations
  A deep elf blademaster (Elf:3)
  2 sphinxes
  The ghost of Malvoorn the Phalangite, an adept MfSk of Ashenzari (Depths:1)
  2 deep elf master archers (Elf:3)
  Agnes (D:14)
  2 thorn hunters (Swamp:4)
  3 tengu reavers (Vaults:4)
  Kirke (Swamp:1)
  The ghost of Gorglomux the Summoner, an adept MfSk of Ashenzari (D:15)
  A storm dragon (Depths:2)
  10 vault wardens
  6 deep elf sorcerers
  3 fire giants
  2 imperial myrmidons (Desolation)
  2 orc warlords
  7 ghost moths
  7 frost giants
  4 emperor scorpions (Spider:4)
  A reaper (Depths:2)
  19 stone giants
  4 deep elf elementalists (Elf:3)
  A spriggan defender (Depths:3)
  13 very ugly things
  11 ironheart preservers
  Nessos (Lair:4)
  9 entropy weavers
  3 vampire knights
  6 deep elf demonologists (Elf:3)
  16 deep elf annihilators
  7 spark wasps
  A halazid warlock (Desolation)
  A white draconian (IceCv)
  3 crystal guardians (Desolation)
  Snorg (Lair:3)
  6 ettins
  6 deep elf death magi
  9 fire dragons
  A merfolk impaler (Depths:2)
  2 deep elf high priests (Elf:3)
  5 ice dragons
  6 vault guards
  19 yaktaur captains
  8 ragged hierophants
  9 great orbs of eyes
  An anaconda (shapeshifter) (Depths:2)
  A catoblepas (Lair:6)
  5 rakshasas
  32 hydras
  4 peacekeepers (Desolation)
  5 servants of whispers (Desolation)
  9 centaur warriors
  4 spriggan air magi
  56 two-headed ogres
  A death knight (D:14)
  11 alligators
  The ghost of dvd the Reanimator, a journeyman DsNe of Hepliaklqana (Lair:1)
  15 ogre magi
  6 tengu warriors
  22 dancing weapons
  6 deep troll earth magi
  A deep troll shaman (Depths:2)
  A queen ant (Spider:1)
  10 death yaks
  A vampire mage (Depths:2)
  8 orc high priests
  Urug (D:11)
  A spriggan berserker (Depths:3)
  A soul eater (Depths:1)
  21 deep elf knights
  A sun demon (Orc:2)
  3 skeletal warriors (Vaults:2)
  3 shadow wraiths
  10 deep trolls
  3 flayed ghosts
  10 swamp dragons
  4 unseen horrors
  3 glowing orange brains
  8 wizards
  A shadow dragon zombie (Depths:3)
  15 deep elf archers
  2 tengu zombies
  4 shambling mangroves
  A spriggan druid (Swamp:4)
  6 necromancers
  A lindwurm (Lair:6)
  22 orc knights
  A harpy (Vaults:2)
  9 ironbrand convokers
  60 deep elf magi
  An iron dragon zombie (Depths:3)
  49 ugly things
  28 wolf spiders
  An orb spider (shapeshifter) (Vaults:3)
  17 orb spiders
  32 slime creatures
  7 orc sorcerers
  A frost giant zombie (Depths:3)
  4 oklob plants
  2 cyclopes
  5 manticores
  A sphinx skeleton (Depths:2)
  A moth of wrath (Spider:1)
  6 black mambas
  10 elephants
  3 molten gargoyles (Desolation)
  A fire giant skeleton (Depths:2)
  A frost giant skeleton (Depths:2)
  A rust devil (Orc:2)
  12 vault sentinels
  4 torpor snails
  4 guardian serpents (Desolation)
  2 ice statues
  2 gargoyles
  An orange demon (Orc:2)
  A spiny frog (shapeshifter) (Depths:2)
  27 spiny frogs
  2 centaur skeletons (D:15)
  A storm dragon simulacrum (Vaults:4)
  2 kobold demonologists (D:12)
  6 rime drakes
  91 yaktaurs
  5 komodo dragons
  2 freezing wraiths
  12 demonic crawlers
  An efreet (D:15)
  A redback zombie (D:15)
  An ice devil (D:15)
  A yaktaur skeleton (Vaults:4)
  44 jumping spiders
  A small abomination (Elf:3)
  12 wind drakes (WizLab)
  A tengu conjurer (Depths:2)
  A spriggan skeleton (Depths:2)
  A meliai (shapeshifter) (Elf:2)
  13 trolls
  18 polar bears
  21 hornets
  A queen bee (Lair:3)
  43 saltlings
  A tengu simulacrum (Depths:2)
  22 blink frogs
  A hippogriff (shapeshifter) (Depths:2)
  7 tyrant leeches
  A hornet (shapeshifter) (Vaults:3)
  A sphinx simulacrum (Vaults:3)
  6 bog bodies
  2 raiju (shapeshifter)
  An ettin zombie (Depths:3)
  7 hippogriffs
  A tarantella (shapeshifter) (Vaults:1)
  10 dream sheep
  22 air elementals
  A spriggan (shapeshifter) (Depths:2)
  A vampire (D:11)
  3 shadows
  84 redbacks
  6 spriggans
  9 water elementals
  36 tarantellas
  A fire bat (shapeshifter) (Depths:2)
  55 yaks
  2 wyverns
  4 hogs (Swamp:1)
  20 humans
  A yaktaur simulacrum (Vaults:3)
  4 hungry ghosts
  A fire elemental (Elf:3)
  11 vampire mosquitoes
  A human (shapeshifter) (Elf:1)
  2 basilisks
  A neqoxec (Orc:2)
  A human simulacrum (Vaults:2)
  An acid dragon (D:11)
  2 soldier ants (shapeshifter)
  6 wargs
  16 water moccasins
  20 insubstantial wisps
  14 soldier ants (Spider:1)
  13 swamp worms
  7 porcupines
  55 orc warriors
  6 swamp drakes
  2 ettin simulacra
  3 black bears
  2 sky beasts
  A floating eye (Depths:2)
  A hornet zombie (D:12)
  9 ice beasts
  36 ogres
  3 necrophages
  2 phantoms
  9 centaurs
  25 wolves
  7 boggarts
  13 crocodiles
  A crocodile (shapeshifter) (Depths:2)
  6 big kobolds
  A big kobold (shapeshifter) (Vaults:3)
  Blork the orc (D:5)
  A gnoll sergeant (D:9)
  A human zombie (Vaults:4)
  8 earth elementals
  21 bullfrogs
  A wyvern skeleton (D:10)
  7 scorpions
  A water moccasin zombie (D:5)
  36 killer bees
  9 electric eels
  12 wights
  5 howler monkeys
  11 crimson imps
  2 bullfrog zombies
  7 hounds
  5 jellies
  A gnoll shaman (D:6)
  15 orc wizards
  22 orc priests
  6 centaur zombies
  47 worker ants
  6 iguanas
  2 hell rats (Lair:2)
  A hound skeleton (D:6)
  4 mummies (Ossuary)
  18 gnolls
  15 adders
  A howler monkey skeleton (D:9)
  18 river rats
  4 shadow imps
  3 white imps (D:15)
  3 oozes
  3 adder skeletons
  2 adder zombies (D:6)
  5 worms
  6 dart slugs
  3 leopard geckos
  93 orcs
  9 giant cockroaches
  9 goblins
  11 hobgoblins
  4 jackals
  33 kobolds
  5 quokkas
  9 ball pythons
  7 bats
  4 frilled lizards
  A gnoll zombie (Ossuary)
  A goblin zombie (Ossuary)
  A jackal skeleton (D:4)
  4 orc zombies (Ossuary)
  A quokka skeleton (D:6)
  33 rats
  11 plants
2271 creatures vanquished.

Vanquished Creatures (others)
  An ogre mage (Vaults:3)
  A human (Swamp:1)
  A naga (shapeshifter) (Elf:1)
  A swamp drake (Swamp:4)
  An orc warrior (Vaults:3)
  An ogre (Vaults:3)
  An orc priest (Orc:1)
  15 fungi
  20 plants
42 creatures vanquished.

Grand Total: 2313 creatures vanquished

Notes
Turn   | Place    | Note
-------+----------+-------------------------------------------
     0 | D:1      | Alarkh the Demonspawn Fighter began the quest for the Orb.
     0 | D:1      | Reached XP level 1. HP: 18/18 MP: 1/1
   131 | D:1      | Gained mutation: You are slightly more attuned to the shadows. [demonic ancestry]
   131 | D:1      | Reached XP level 2. HP: 24/24 MP: 2/2
   300 | D:1      | Found a shattered altar of Ashenzari.
   811 | D:2      | Gained mutation: You are significantly more attuned to the shadows. [demonic ancestry]
   811 | D:2      | Reached XP level 3. HP: 29/29 MP: 3/3
  1160 | D:2      | Reached skill level 1 in Dodging
  1178 | D:2      | HP: 1/29 [poisoned by an adder]
  1588 | D:2      | Reached XP level 4. HP: 31/35 MP: 4/4
  1818 | D:2      | Found a faded altar of an unknown god.
  1978 | D:2      | Became a worshipper of Ru the Awakened
  1979 | D:2      | Fell from the grace of Ru
  2537 | D:3      | Found a radiant altar of Vehumet.
  2538 | D:3      | Found an ancient bone altar of Kikubaaqudgha.
  2541 | D:3      | Found a deep blue altar of Sif Muna.
  2545 | D:3      | Identified Sif Muna's Almanac of the Camelopard
  2917 | D:3      | Gained mutation: Your flesh is heat resistant. (rF+) [demonic ancestry]
  2917 | D:3      | Reached XP level 5. HP: 41/41 MP: 5/5
  3795 | D:4      | Found an iron altar of Okawaru.
  3801 | D:4      | Became a worshipper of Warmaster Okawaru
  3829 | D:4      | Found an iron altar of Okawaru.
  3829 | D:4      | Found a bloodstained altar of Trog.
  4066 | D:4      | Reached XP level 6. HP: 23/48 MP: 6/6
  4225 | D:4      | Found a glowing drain.
  4234 | Sewer    | Entered a sewer
  5595 | D:4      | Reached XP level 7. HP: 52/54 MP: 7/7
  5872 | D:5      | Entered Level 5 of the Dungeon
  5934 | D:5      | Found a stormy altar of Qazlal.
  6136 | D:5      | Noticed Blork the orc
  6145 | D:5      | Killed Blork the orc
  6237 | D:5      | Reached * piety under Okawaru
  6776 | D:5      | Reached skill level 5 in Long Blades
  6777 | D:5      | Gained mutation: You are completely attuned to the shadows. [demonic ancestry]
  6777 | D:5      | Reached XP level 8. HP: 29/61 MP: 8/8
  7278 | D:6      | Found Tauxokhla's Magic Scroll Shoppe.
  7283 | D:6      | Bought a scroll of enchant weapon for 97 gold pieces
  7345 | D:6      | Found a sand-covered staircase.
  7366 | Ossuary  | Entered an ossuary
  7619 | Ossuary  | Reached skill level 5 in Fighting
  7863 | D:6      | Found a staircase to the Ecumenical Temple.
  8449 | D:7      | Reached ** piety under Okawaru
  8984 | D:6      | Reached skill level 5 in Armour
  9059 | D:7      | Reached skill level 5 in Shields
  9600 | Temple   | Entered the Ecumenical Temple
  9928 | D:6      | Reached XP level 9. HP: 59/69 MP: 9/9
 10226 | D:6      | Reached *** piety under Okawaru
 11060 | D:7      | Found a burning altar of Makhleb.
 11626 | D:8      | Gained mutation: You passively map a small area around you. [mutagenic meat]
 11627 | D:8      | Gained mutation: Your mind is acute. (Int +2) [mutagenic meat]
 11628 | D:8      | Gained mutation: You have a pair of small antennae on your head. [mutagenic meat]
 11629 | D:8      | Gained mutation: Your mind is very acute. (Int +4) [mutagenic meat]
 11630 | D:8      | Gained mutation: You do not regenerate when monsters are visible. [mutagenic meat]
 11631 | D:8      | Lost mutation: You have a pair of small antennae on your head. [potion of mutation]
 11631 | D:8      | Lost mutation: Your mind is very acute. (Int +4) [potion of mutation]
 11631 | D:8      | Lost mutation: You do not regenerate when monsters are visible. [potion of mutation]
 11631 | D:8      | Lost mutation: You passively map a small area around you. [potion of mutation]
 11631 | D:8      | Lost mutation: Your mind is acute. (Int +2) [potion of mutation]
 11631 | D:8      | Gained mutation: Scrolls take you a little longer to read. [potion of mutation]
 11631 | D:8      | Gained mutation: You are frail. (-10% HP) [potion of mutation]
 11631 | D:8      | Gained mutation: Your spells are a little harder to cast, but a little more powerful. [potion of mutation]
 11792 | D:8      | Identified Aroottas's Almanac of Flames and Feathers
 11816 | D:8      | Noticed a troll
 11829 | D:8      | Killed a troll
 11829 | D:8      | Reached **** piety under Okawaru
 11829 | D:8      | Reached skill level 5 in Dodging
 12165 | D:8      | Noticed a troll
 12181 | D:8      | Killed a troll
 12607 | D:8      | Received a gift from Okawaru
 12697 | D:9      | Gained mutation: You are immune to clouds of flame. [demonic ancestry]
 12697 | D:9      | Reached XP level 10. HP: 59/69 MP: 10/10
 12738 | D:9      | Found a sparkling altar of Nemelex Xobeh.
 12895 | D:9      | Found an opulent altar of Gozag.
 13197 | D:9      | Found a staircase to the Lair.
 13615 | D:9      | Noticed a two-headed ogre
 13698 | D:9      | Killed a two-headed ogre
 13850 | Lair:1   | Entered Level 1 of the Lair of Beasts
 13879 | Lair:1   | Noticed a spiny frog
 13890 | Lair:1   | Killed a spiny frog
 14072 | Lair:1   | Noticed a spiny frog
 14086 | Lair:1   | Killed a spiny frog
 14296 | Lair:1   | Reached ***** piety under Okawaru
 14560 | Lair:1   | Received a gift from Okawaru
 14627 | Lair:1   | Noticed dvd's ghost (journeyman DsNe)
 14861 | Lair:1   | Killed dvd's ghost
 14861 | Lair:1   | Gained mutation: You have a pair of small horns on your head. [demonic ancestry]
 14861 | Lair:1   | Reached XP level 11. HP: 25/75 MP: 8/11
 16773 | Lair:2   | Found a staircase to the Swamp.
 16790 | Lair:2   | Got a shimmering long sword
 16791 | Lair:2   | Identified the +3 long sword of the Revolution {venom, rN+ Int+5} (You found it on level 2 of the Lair of Beasts)
 16907 | Lair:2   | Found a hole to the Spider Nest.
 17082 | Lair:2   | Reached skill level 10 in Long Blades
 17133 | Lair:2   | Noticed a seven-headed hydra
 17197 | D:10     | Entered Level 10 of the Dungeon
 17197 | D:10     | Noticed a two-headed ogre
 17216 | D:10     | Killed a two-headed ogre
 17370 | D:10     | Found a staircase to the Orcish Mines.
 17395 | D:10     | Noticed a two-headed ogre
 17403 | D:10     | Killed a two-headed ogre
 17424 | D:10     | Reached ****** piety under Okawaru
 17503 | D:10     | Noticed a two-headed ogre
 17557 | D:10     | Killed a two-headed ogre
 17674 | D:10     | Gained mutation: You have a pair of horns on your head. [demonic ancestry]
 17674 | D:10     | Reached XP level 12. HP: 70/84 MP: 12/12
 17734 | D:10     | Noticed a centaur warrior
 17744 | D:10     | Killed a centaur warrior
 17744 | D:10     | Received a gift from Okawaru
 17758 | D:10     | Identified a +1 pair of boots of running (Okawaru gifted it to you on level 10 of the Dungeon)
 17784 | D:10     | Got a heavily runed steel amulet
 18908 | D:11     | Noticed a two-headed ogre
 18919 | D:11     | Killed a two-headed ogre
 19006 | D:11     | Noticed Urug
 19034 | D:11     | Killed Urug
 19335 | D:12     | Found Elut's Armour Shoppe.
 19720 | D:12     | Found a shattered altar of Ashenzari.
 19859 | D:12     | Noticed a two-headed ogre
 19868 | D:12     | Killed a two-headed ogre
 20306 | D:12     | Identified the amulet of the Meadowlark {RegenMP Slay+2} (You found it on level 10 of the Dungeon)
 20535 | Lair:3   | Received a gift from Okawaru
 20546 | Lair:3   | Got a pair of twisted gloves {god gift}
 20634 | Lair:2   | Identified the +0 pair of gloves "Qozaxt" {rElec rC++ MP+9 Int-4} (Okawaru gifted it to you on level 3 of the Lair of Beasts)
 21634 | Lair:3   | Reached XP level 13. HP: 82/90 MP: 13/13
 21754 | Lair:3   | Noticed Snorg
 21767 | Lair:3   | Killed Snorg
 22772 | Lair:4   | Received a gift from Okawaru
 22775 | Lair:4   | Got a steaming falchion {god gift}
 22776 | Lair:4   | Identified the +2 falchion "Dyiroar" {antimagic, rC+ Str+4} (Okawaru gifted it to you on level 4 of the Lair of Beasts)
 22947 | Lair:4   | Noticed Nessos
 22976 | Lair:4   | Killed Nessos
 24036 | Lair:5   | Reached skill level 10 in Fighting
 25020 | Lair:6   | Entered Level 6 of the Lair of Beasts
 25796 | Lair:6   | Received a gift from Okawaru
 25933 | Lair:6   | Gained mutation: You have a somewhat thin skeletal structure. (Dex +2, Stealth) [demonic ancestry]
 25933 | Lair:6   | Reached XP level 14. HP: 99/99 MP: 14/14
 26306 | Lair:5   | Reached skill level 10 in Armour
 26306 | Lair:5   | Reached skill level 10 in Shields
 26700 | Lair:6   | Found a staircase to the Slime Pits.
 27120 | Lair:6   | Received a gift from Okawaru
 28261 | Lair:6   | Received a gift from Okawaru
 28939 | Orc:1    | Entered Level 1 of the Orcish Mines
 28945 | Orc:1    | Received a gift from Okawaru
 28971 | Orc:1    | Got an ancient robe {god gift}
 28989 | Orc:1    | Identified the +2 robe of Catatonia {*Slow +Inv rF+ MR+} (Okawaru gifted it to you on level 1 of the Orcish Mines)
 29037 | Orc:1    | Found Xeki's Jewellery Boutique.
 29129 | Orc:1    | Noticed an orc warlord
 29139 | Orc:1    | Reached skill level 10 in Dodging
 29161 | Orc:2    | Entered Level 2 of the Orcish Mines
 29319 | Orc:2    | Found a staircase to the Elven Halls.
 29604 | Orc:2    | Found a roughly hewn altar of Beogh.
 30324 | Orc:1    | Killed an orc warlord
 30637 | Orc:1    | Found a roughly hewn altar of Beogh.
 30839 | Orc:2    | Found Kisiar's Magic Scroll Shoppe.
 30848 | Orc:2    | Found Jeps's Distillery.
 30903 | Orc:2    | Gained mutation: You tend to lose your temper in combat. [a neqoxec]
 30909 | Orc:2    | Gained mutation: Scrolls take you longer to read. [a neqoxec]
 30910 | Orc:2    | Gained mutation: Your demonic aura causes spilled blood to erupt in flames. [demonic ancestry]
 30910 | Orc:2    | Reached XP level 15. HP: 107/107 MP: 15/15
 31195 | Orc:2    | Noticed Saint Roka
 31632 | Orc:2    | Received a gift from Okawaru
 31782 | Orc:2    | Received a gift from Okawaru
 31791 | Orc:2    | Got a pair of shimmering boots {god gift}
 31842 | Orc:2    | Found Maucul's Antique Armour Shop.
 31842 | Orc:2    | Found Vohih's Book Boutique.
 31843 | Orc:2    | Found a one-way gate leading to the halls of Pandemonium.
 31858 | Orc:2    | Identified the +1 pair of boots of Grace {rPois} (Okawaru gifted it to you on level 2 of the Orcish Mines)
 31896 | Orc:2    | Bought a potion of invisibility for 120 gold pieces
 31896 | Orc:2    | Bought a potion of haste for 150 gold pieces
 31896 | Orc:2    | Bought a potion of might for 60 gold pieces
 31896 | Orc:2    | Bought a potion of agility for 60 gold pieces
 31898 | Orc:2    | Bought a scroll of identify for 34 gold pieces
 31898 | Orc:2    | Bought a scroll of identify for 34 gold pieces
 31898 | Orc:2    | Bought a scroll of summoning for 161 gold pieces
 31898 | Orc:2    | Bought a scroll of identify for 34 gold pieces
 31898 | Orc:2    | Bought a scroll of identify for 34 gold pieces
 31898 | Orc:2    | Bought a scroll of magic mapping for 59 gold pieces
 31898 | Orc:2    | Bought a scroll of identify for 34 gold pieces
 31898 | Orc:2    | Bought a scroll of teleportation for 51 gold pieces
 31898 | Orc:2    | Bought a scroll of enchant armour for 127 gold pieces
 31898 | Orc:2    | Bought a scroll of fear for 59 gold pieces
 32059 | D:6      | Bought a scroll of teleportation for 39 gold pieces
 32059 | D:6      | Bought a scroll of enchant armour for 97 gold pieces
 32059 | D:6      | Bought a scroll of enchant weapon for 97 gold pieces
 32059 | D:6      | Bought a scroll of teleportation for 39 gold pieces
 32344 | D:12     | Bought the +3 shield of the Sky {rPois rC- Dex+4 Slay+2} for 486 gold pieces
 32654 | Spider:1 | Entered Level 1 of the Spider Nest
 33370 | Spider:1 | Reached skill level 15 in Long Blades
 33552 | Spider:1 | Received a gift from Okawaru
 33556 | Spider:1 | Got a pair of bloodstained boots {god gift}
 33786 | Spider:1 | Identified the +0 pair of boots of a volcano {MR+ MP+9 Str+4} (Okawaru gifted it to you on level 1 of the Spider Nest)
 34435 | Spider:2 | Killed a ghost moth
 34720 | Spider:2 | Reached XP level 16. HP: 98/114 MP: 16/16
 34809 | Spider:2 | Noticed Nikola
 34829 | Spider:2 | Killed Nikola
 35392 | Spider:3 | Received a gift from Okawaru
 35588 | Spider:3 | Received a gift from Okawaru
 36284 | Spider:4 | Entered Level 4 of the Spider Nest
 36515 | Spider:4 | Noticed Arachne
 36609 | Spider:4 | Killed Arachne
 36609 | Spider:4 | Received a gift from Okawaru
 36849 | Spider:3 | Gained mutation: You are somewhat resistant to further mutation. [mutagenic meat]
 36850 | Spider:3 | Gained mutation: Your magical capacity is low. (-10% MP) [mutagenic meat]
 36852 | Spider:3 | Lost mutation: Your magical capacity is low. (-10% MP) [mutagenic meat]
 37176 | Spider:4 | Received a gift from Okawaru
 37177 | Spider:4 | Got a faintly humming large shield {god gift}
 37357 | Spider:4 | Identified the +7 large shield "Zizabe" {Str+2} (Okawaru gifted it to you on level 4 of the Spider Nest)
 37415 | Spider:4 | Reached skill level 1 in Invocations
 37440 | Spider:4 | Reached skill level 1 in Evocations
 37570 | Spider:4 | Reached skill level 1 in Stealth
 38126 | Spider:4 | Reached XP level 17. HP: 122/122 MP: 0/19
 38136 | Spider:4 | Received a gift from Okawaru
 38191 | Spider:4 | Got a jewelled long sword {god gift}
 38195 | Spider:4 | Gained mutation: Your mind is acute. (Int +2) [mutagenic meat]
 38197 | Spider:4 | Lost mutation: Your spells are a little harder to cast, but a little more powerful. [mutagenic meat]
 38198 | Spider:4 | Gained mutation: You are resistant to hostile enchantments. (MR+) [mutagenic meat]
 38199 | Spider:4 | Gained mutation: Your flesh is very heat resistant. (rF++) [mutagenic meat]
 38297 | Spider:4 | Got a gossamer rune of Zot
 38322 | Spider:4 | Identified the +8 long sword "Cexkis" {elec, *Rage rElec Str+2 Dex+4 Stlth+} (Okawaru gifted it to you on level 4 of the Spider Nest)
 38550 | Swamp:1  | Entered Level 1 of the Swamp
 38559 | Swamp:1  | Noticed Kirke
 38575 | Swamp:1  | Killed Kirke
 39746 | Swamp:2  | Received a gift from Okawaru
 39748 | Swamp:2  | Got a faintly glowing scarf {god gift}
 39759 | Swamp:2  | Identified the scarf "Wadepups" {rF- Int+5 Dex-2 SInv} (Okawaru gifted it to you on level 2 of the Swamp)
 40455 | Swamp:3  | Reached skill level 5 in Invocations
 41336 | Swamp:4  | Entered Level 4 of the Swamp
 41650 | Swamp:4  | Received a gift from Okawaru
 41667 | Swamp:4  | Got a twisted hat {god gift}
 41676 | Swamp:4  | Identified the -1 hat of Enoan {MR++ Int+2} (Okawaru gifted it to you on level 4 of the Swamp)
 41761 | Swamp:4  | Reached skill level 5 in Evocations
 42605 | Swamp:4  | Reached XP level 18. HP: 130/130 MP: 23/23
 42858 | Swamp:4  | Received a gift from Okawaru
 43015 | Swamp:4  | Got a decaying rune of Zot
 43532 | D:13     | Reached skill level 5 in Stealth
 44047 | D:13     | Found Ehiosogh's Book Shoppe.
 44206 | D:13     | Found a gate to the Vaults.
 44962 | D:14     | Found a frozen archway.
 44984 | IceCv    | Entered an ice cave
 45537 | IceCv    | Lost mutation: You are somewhat resistant to further mutation. [potion of mutation]
 45537 | IceCv    | Lost mutation: You are resistant to hostile enchantments. (MR+) [potion of mutation]
 45537 | IceCv    | Lost mutation: You are frail. (-10% HP) [potion of mutation]
 45537 | IceCv    | Lost mutation: Your mind is acute. (Int +2) [potion of mutation]
 45537 | IceCv    | Gained mutation: You passively map a small area around you. [potion of mutation]
 45537 | IceCv    | Gained mutation: Your flesh is cold resistant. (rC+) [potion of mutation]
 45802 | D:14     | Noticed Agnes
 45813 | D:14     | Killed Agnes
 46025 | D:14     | Received a gift from Okawaru
 46315 | D:15     | Entered Level 15 of the Dungeon
 46361 | D:15     | Found Yqaschal's Jewellery Shoppe.
 46502 | D:15     | Found Impu Ifo's General Store.
 46645 | D:15     | Noticed Gorglomux's ghost (adept MfSk)
 46667 | D:15     | Killed Gorglomux's ghost
 46755 | D:15     | Found Foyl Ora's Antique Armour Emporium.
 46759 | D:15     | Bought a blackened leather armour for 238 gold pieces
 46759 | D:15     | Bought a faintly humming buckler for 323 gold pieces
 46769 | D:15     | Identified the cursed +1 leather armour of Wu Jian's Displeasure {*Drain Dex+8} (You bought it in a shop on level 15 of the Dungeon)
 46781 | D:15     | Identified the +2 buckler "Cupt" {rCorr SInv} (You bought it in a shop on level 15 of the Dungeon)
 46841 | D:15     | Found Vupuiful's Gadget Shop.
 47075 | D:15     | Found a staircase to the Depths.
 47195 | D:15     | Found Gouqec's Antique Weapon Shoppe.
 47206 | D:15     | Bought a translucent long sword for 272 gold pieces
 47208 | D:15     | Identified the +4 long sword of Tomorrow {flame, rPois rC- MR+ Dex+4} (You bought it in a shop on level 15 of the Dungeon)
 47328 | D:15     | Bought a potion of flight for 54 gold pieces
 47328 | D:15     | Bought a potion of mutation for 144 gold pieces
 47330 | D:15     | Lost mutation: Your flesh is cold resistant. (rC+) [potion of mutation]
 47330 | D:15     | Lost mutation: You tend to lose your temper in combat. [potion of mutation]
 47330 | D:15     | Gained mutation: Your flesh is cold resistant. (rC+) [potion of mutation]
 47330 | D:15     | Gained mutation: Your muscles are strong. (Str +2) [potion of mutation]
 47330 | D:15     | Gained mutation: You expend magic power (3 MP) to strengthen your wands. [potion of mutation]
 47330 | D:15     | Gained mutation: Your spells are a little harder to cast, but a little more powerful. [potion of mutation]
 47836 | Vaults:1 | Entered Level 1 of the Vaults
 48605 | Vaults:1 | Found a magical portal.
 48610 | WizLab   | Entered The Chambers of the Cloud Mage
 49054 | WizLab   | Received a gift from Okawaru
 49256 | WizLab   | Noticed Paoff
 49278 | WizLab   | Killed Paoff the Cloud Mage
 49370 | WizLab   | Identified Epeizuap's Guide on Lightness
 49419 | WizLab   | Identified the Incunabulum of Flight
 49611 | Vaults:1 | Gained mutation: You have a pair of large horns on your head. [demonic ancestry]
 49611 | Vaults:1 | Reached XP level 19. HP: 135/153 MP: 25/25
 49665 | Vaults:1 | Identified the Papyrus of Intuition
 49881 | Vaults:1 | Lost mutation: Your spells are a little harder to cast, but a little more powerful. [mutagenic meat]
 49924 | Vaults:1 | Gained mutation: You are agile. (Dex +2) [mutagenic meat]
 50053 | Vaults:1 | Lost mutation: Scrolls take you longer to read. [mutagenic meat]
 50054 | Vaults:1 | Gained mutation: Potions are less effective at restoring your health. [mutagenic meat]
 50055 | Vaults:1 | Gained mutation: You have sharp fingernails. [mutagenic meat]
 50056 | Vaults:1 | Lost mutation: Potions are less effective at restoring your health. [mutagenic meat]
 50057 | Vaults:1 | Lost mutation: You are agile. (Dex +2) [mutagenic meat]
 50058 | Vaults:1 | Lost mutation: You expend magic power (3 MP) to strengthen your wands. [mutagenic meat]
 50709 | Vaults:1 | Received a gift from Okawaru
 51687 | Vaults:2 | Paralysed by an ogre mage for 2 turns
 51831 | Vaults:2 | Gained mutation: You have a moderately thin skeletal structure. (Dex +4, Stealth+) [mutagenic meat]
 51832 | Vaults:2 | Lost mutation: You passively map a small area around you. [mutagenic meat]
 51833 | Vaults:2 | Gained mutation: Your spells are a little easier to cast, but a little less powerful. [mutagenic meat]
 51834 | Vaults:2 | Gained mutation: You are frail. (-10% HP) [mutagenic meat]
 51842 | Vaults:2 | Found Deybbife's Magic Scroll Emporium.
 51864 | Vaults:2 | Bought a scroll of blinking for 112 gold pieces
 52007 | Vaults:2 | Lost mutation: You have a moderately thin skeletal structure. (Dex +4, Stealth+) [mutagenic meat]
 52424 | Vaults:2 | Lost mutation: You are frail. (-10% HP) [mutagenic meat]
 52426 | Vaults:2 | Gained mutation: You have large cloven feet. [mutagenic meat]
 52732 | Vaults:2 | Received a gift from Okawaru
 52940 | Vaults:2 | Got a transparent scarf {god gift}
 52951 | Vaults:2 | Identified the scarf of Exclusion {Dex+2} (Okawaru gifted it to you on level 2 of the Vaults)
 53316 | Vaults:3 | Paralysed by a great orb of eyes for 3 turns
 53324 | Vaults:3 | Reached skill level 15 in Fighting
 53396 | Vaults:3 | Found a ruined gateway.
 53402 | Desolati | Entered the Desolation of Salt
 53491 | Desolati | Identified Sif Muna's Guide on Air
 53507 | Desolati | Got an encrusted trident
 53509 | Desolati | Got a twisted chain mail
 53510 | Desolati | Identified the Compendium of Displaced Fascination
 53514 | Desolati | Got a scintillating golden ring
 53528 | Desolati | Identified the cursed +0 chain mail "Fiaxtiut" {*Contam rElec Regen+ Dex+5} (You found it in the Desolation of Salt)
 53542 | Desolati | Identified the ring "Syecumn" {Dex+3 SInv} (You found it in the Desolation of Salt)
 53663 | Desolati | Got a dazzling hand crossbow
 53672 | Desolati | Got a brightly glowing steel ring
 53678 | Desolati | Identified the ring of the Empty Page {+Blink MP+9 Str+4 Int-5 Dex-4} (You found it in the Desolation of Salt)
 53793 | Desolati | Gained mutation: You are robust. (+10% HP) [mutagenic meat]
 53794 | Desolati | Gained mutation: Your skin changes colour to match your surroundings (Stealth+). [mutagenic meat]
 53795 | Desolati | Lost mutation: Your flesh is very heat resistant. (rF++) [mutagenic meat]
 53796 | Desolati | Gained mutation: Your natural rate of healing is unusually fast. [mutagenic meat]
 53978 | Desolati | Gained mutation: You have a moderately thin skeletal structure. (Dex +4, Stealth+) [demonic ancestry]
 53978 | Desolati | Reached XP level 20. HP: 178/178 MP: 26/26
 54133 | Desolati | Received a gift from Okawaru
 54549 | Desolati | Identified the cursed +0 hand crossbow "Hinomaec" {freeze, rPois MR+} (You found it in the Desolation of Salt)
 54553 | Desolati | Got a scorched jade ring
 54555 | Desolati | Identified the ring of Optimism {rF+ rC+ Str-4 Int+2 Dex+4} (You found it in the Desolation of Salt)
 54608 | Desolati | Identified the cursed +1 trident "Alarkh's Peril" {vamp, rPois rC+ rN+ Str-5} (You found it in the Desolation of Salt)
 54956 | Vaults:3 | Paralysed by an ogre mage for 2 turns
 54994 | Vaults:3 | Received a gift from Okawaru
 55884 | Vaults:3 | Found a staircase to the Crypt.
 56271 | Vaults:3 | Received a gift from Okawaru
 56630 | Vaults:3 | Reached skill level 15 in Shields
 56673 | Vaults:3 | Received a gift from Okawaru
 56932 | Vaults:3 | Received a gift from Okawaru
 57024 | Vaults:3 | Reached XP level 21. HP: 149/188 MP: 27/27
 57302 | Vaults:4 | Reached skill level 15 in Dodging
 57316 | Vaults:4 | Noticed Jory
 57352 | Vaults:4 | Killed Jory
 57355 | Vaults:4 | Reached skill level 15 in Armour
 57730 | Vaults:4 | Noticed Sojobo
 57744 | Vaults:4 | Killed Sojobo
 57755 | Vaults:4 | Received a gift from Okawaru
 57756 | Vaults:4 | Got a warped ring mail {god gift}
 57759 | Vaults:4 | Identified the +1 ring mail of the Komtur {Int+3} (Okawaru gifted it to you on level 4 of the Vaults)
 58554 | Vaults:4 | Reached skill level 1 in Spellcasting
 59052 | Vaults:4 | Reached skill level 5 in Spellcasting
 59694 | D:15     | Bought a wand of digging (10/24) for 476 gold pieces
 59924 | Vaults:4 | Got a dazzling shield
 59935 | Vaults:4 | Identified the cursed +0 shield of Fanaticism {Str+4 Int+2 Dex+3} (You took it off an orc on level 4 of the Vaults)
 60041 | Vaults:2 | Bought a scroll of enchant armour for 112 gold pieces
 60402 | Elf:1    | Entered Level 1 of the Elven Halls
 60541 | Elf:1    | Received a gift from Okawaru
 60564 | Elf:1    | Got a smoking scimitar {god gift}
 60565 | Elf:1    | Identified the +6 scimitar "Boexzaig" {freeze, Dex+7} (Okawaru gifted it to you on level 1 of the Elven Halls)
 61035 | Elf:1    | Found Tuovon's Antique Armour Shop.
 61538 | Elf:2    | Identified a scroll of acquirement
 61577 | Elf:2    | Found Fevic's General Store.
 61582 | Elf:2    | Bought a scroll of enchant armour for 120 gold pieces
 61840 | Elf:2    | Received a gift from Okawaru
 61841 | Elf:2    | Got a pair of heavily runed gloves {god gift}
 61852 | Elf:2    | Identified the +1 pair of gloves of Saotoino {rF+ rC+ SInv} (Okawaru gifted it to you on level 2 of the Elven Halls)
 61854 | Elf:2    | Found a huge runed gate.
 61854 | Elf:2    | Found a huge runed gate.
 61854 | Elf:2    | Found a huge runed gate.
 61854 | Elf:2    | Found a huge runed gate.
 61854 | Elf:2    | Found a huge runed gate.
 61902 | Elf:2    | Found a portal to a secret trove of treasure.
 62100 | Elf:2    | Found Wejac Tots's Jewellery Shoppe.
 62100 | Elf:2    | Found Itirph's Jewellery Shoppe.
 62101 | Elf:2    | Found Sooga's Gadget Boutique.
 62275 | Elf:2    | Reached XP level 22. HP: 182/198 MP: 34/34
 62525 | Elf:2    | Gained mutation: Your body sometimes deteriorates upon taking damage. [a neqoxec]
 62744 | Elf:3    | Entered Level 3 of the Elven Halls
 62898 | Elf:3    | Reached skill level 10 in Spellcasting
 63062 | Elf:3    | Received a gift from Okawaru
 63436 | Elf:3    | Received a gift from Okawaru
 64430 | Elf:3    | Identified the Collected Works on Curses
 64717 | Elf:3    | Got a heavily jewelled robe
 64720 | Elf:3    | Identified the cursed +1 robe of Fallacy {rElec SInv} (You took it off a deep elf death mage on level 3 of the Elven Halls)
 64742 | Elf:3    | Got a pitted long sword {god gift}
 64743 | Elf:3    | Identified the +1 long sword of Odwuhitwu {freeze, *Rage rF++} (Okawaru gifted it to you on level 3 of the Elven Halls)
 65240 | Orc:2    | Killed Saint Roka
 65405 | Orc:2    | Bought a book of Power for 495 gold pieces
 65412 | Orc:2    | Learned a level 6 spell: Iron Shot
 65420 | Orc:2    | Learned a level 7 spell: Spellforged Servitor
 65554 | Lair:2   | Got a clouded golden amulet
 65559 | Lair:2   | Identified the amulet of Hitomiga {RegenMP +Inv rN+ Int+4 SInv} (You acquired it on level 2 of the Lair of Beasts)
 65778 | Depths:1 | Entered Level 1 of the Depths
 65825 | Depths:1 | Reached skill level 1 in Conjurations
 65825 | Depths:1 | Reached skill level 1 in Summonings
 65908 | Depths:1 | Reached skill level 1 in Earth Magic
 65932 | Depths:1 | Found Byschoik's General Store.
 65939 | Depths:1 | Noticed Malvoorn's ghost (adept MfSk)
 65941 | Depths:1 | Received a gift from Okawaru
 65992 | Depths:1 | Killed Malvoorn's ghost
 66109 | Depths:1 | Bought a potion of haste for 170 gold pieces
 66134 | Depths:1 | Noticed Jorgrun
 66140 | Depths:1 | Killed Jorgrun
 66192 | Depths:1 | Found a one-way gate to the infinite horrors of the Abyss.
 66247 | Depths:1 | Found a large runed door.
 66247 | Depths:1 | Found a large runed door.
 66609 | Depths:1 | Found a gateway to Hell.
 66640 | Depths:1 | Gained mutation: You are very robust. (+20% HP) [demonic ancestry]
 66640 | Depths:1 | Reached XP level 23. HP: 188/223 MP: 41/41
 67309 | Depths:2 | Reached skill level 5 in Conjurations
 67498 | Depths:2 | Reached skill level 5 in Summonings
 67502 | Depths:2 | Noticed a caustic shrike
 67518 | Depths:2 | Received a gift from Okawaru
 67522 | Depths:2 | Killed a caustic shrike
 67541 | Depths:2 | Got a bloodstained buckler {god gift}
 67544 | Depths:2 | Identified the +1 buckler of Subjectivity {rF+} (Okawaru gifted it to you on level 2 of the Depths)
 67818 | Depths:2 | Reached skill level 5 in Earth Magic
 67935 | Depths:2 | Got a distressingly furry leather armour
 67946 | Depths:2 | Identified the +3 leather armour of Hahich {rC+ Dex+2 Stlth-} (You found it on level 2 of the Depths)
 68290 | Depths:2 | Received a gift from Okawaru
 68313 | Depths:2 | Gained mutation: Armour fits poorly on your strangely shaped body. [mutagenic meat]
 68315 | Depths:2 | Gained mutation: You are agile. (Dex +2) [mutagenic meat]
 68316 | Depths:2 | Gained mutation: You have very sharp fingernails. [mutagenic meat]
 68318 | Depths:2 | Gained mutation: You have claws for hands. [mutagenic meat]
 68322 | Depths:2 | Got a bronze chain mail {god gift}
 68325 | Depths:2 | Identified the +8 chain mail "Zaufoq" {Dex+4 Stlth+} (Okawaru gifted it to you on level 2 of the Depths)
 68327 | Depths:2 | Lost mutation: You have large cloven feet. [mutagenic meat]
 68328 | Depths:2 | Lost mutation: Your body sometimes deteriorates upon taking damage. [mutagenic meat]
 68646 | Depths:2 | Lost mutation: Your muscles are strong. (Str +2) [mutagenic meat]
 68647 | Depths:2 | Gained mutation: You have an unnaturally thin skeletal structure. (Dex +6, Stealth++) [mutagenic meat]
 68913 | Depths:3 | Gained mutation: Your muscles are strong. (Str +2) [mutagenic meat]
 68914 | Depths:3 | Lost mutation: You have claws for hands. [mutagenic meat]
 68915 | Depths:3 | Gained mutation: Potions are less effective at restoring your health. [mutagenic meat]
 68919 | Depths:3 | Lost mutation: Potions are less effective at restoring your health. [potion of mutation]
 68919 | Depths:3 | Lost mutation: Your muscles are strong. (Str +2) [potion of mutation]
 68919 | Depths:3 | Lost mutation: You are agile. (Dex +2) [potion of mutation]
 68919 | Depths:3 | Lost mutation: Your skin changes colour to match your surroundings (Stealth+). [potion of mutation]
 68919 | Depths:3 | Gained mutation: You are extremely robust. (+30% HP) [potion of mutation]
 68919 | Depths:3 | Gained mutation: You have large cloven feet. [potion of mutation]
 68920 | Depths:3 | Lost mutation: Scrolls take you a little longer to read. [potion of mutation]
 68920 | Depths:3 | Lost mutation: You have very sharp fingernails. [potion of mutation]
 68920 | Depths:3 | Lost mutation: You have large cloven feet. [potion of mutation]
 68920 | Depths:3 | Lost mutation: You have sharp fingernails. [potion of mutation]
 68920 | Depths:3 | Lost mutation: Your flesh is cold resistant. (rC+) [potion of mutation]
 68920 | Depths:3 | Lost mutation: You are extremely robust. (+30% HP) [potion of mutation]
 68920 | Depths:3 | Gained mutation: You are dopey. (Int -2) [potion of mutation]
 68920 | Depths:3 | Gained mutation: You are resistant to electric shocks. (rElec) [potion of mutation]
 69108 | Depths:3 | Noticed Frederick
 69132 | Depths:3 | Killed Frederick
 69400 | Depths:3 | Reached skill level 15 in Spellcasting
 69560 | Depths:3 | Found a hazy altar of Hepliaklqana.
 69743 | Depths:3 | Noticed Boris
 69759 | Depths:3 | Killed Boris
 69958 | Depths:3 | Reached XP level 24. HP: 58/231 MP: 42/42
 69958 | Depths:3 | Killed from afar by a frost giant

Vault maps used:
D:1:      dpeg_arrival_simpleton_b, evilmike_ruin_ashenzari
D:2:      chequers_ecumenical_altar_simple_redux
D:3:      grunt_temple_overflow_magic_moments
D:4:      grunt_temple_overflow_bloody_war, portal_sewer_entry_e, first_bread,
          st_stairs_13, okawaru_metal_pillars_1_2
D:5:      kennysheep_little_box, uniq_blork_the_orc
D:6:      minmay_temple_entry_trees, serial_shops, shop, enter_ossuary_1,
          kennysheep_opposing_triangles
D:7:      makhleb_heckhound_becter, minivault_19
D:9:      nemelex_altar_shiori, basic_altar, blue_anna_alchemist
D:10:     orc_0_dummy, minmay_diamond_spiral
D:11:     uniq_urug
D:12:     basic_altar, serial_shops, nicolae_shop_behind_doors
D:13:     grunt_vaults_entry_tiered, serial_shops, nicolae_shop_behind_doors
D:14:     wad_pebble_path, portal_ice_cave_rime, grunt_decor_resistance,
          uniq_agnes
D:15:     grunt_enter_depths_giant_problem, serial_shops, shop,
          nicolae_shop_crystal, nicolae_shop_crystal, shop, shop, ice2_lemuel
Temple:   dpeg_chambers_temple
Lair:1:   serial_bayou_lagoon_a
Lair:2:   swamp_mist, nicolae_spider_entry_non_spiders, serial_bayou,
          serial_bayou_lagoon_b, serial_bayou_crossing, serial_bayou_shore_a,
          serial_bayou_pond_d, st_stairs_12, kennysheep_rathole
Lair:3:   special_room, minmay_lair_oklob_chamber, uniq_snorg
Lair:4:   beast_lair_carwin_1, uniq_nessos
Lair:5:   lemuel_fruit_fields, grunt_megastairs_1, infiniplex_staircase_pool_2
Lair:6:   hangedman_lair_in_review, minmay_slime_entry_oklob_open,
          wad_woods_road_02, serial_bayou_shore_b
Swamp:1:  hangedman_swamp_ruin_wall, uniq_kirke
Swamp:2:  evilmike_swamp_ruin_rubble_2, swamp_pool3
Swamp:3:  evilmike_swamp_ruin_house_4
Swamp:4:  swamp_basic_johnstein, swamp_pool3
Spider:1: zaba_anthell
Spider:2: uniq_nikola
Spider:4: spider_rune_water, uniq_arachne
Orc:1:    serial_shops, shop, basic_altar
Orc:2:    pf_orc_diabolical, mines2_david, uniq_saint_roka
Elf:1:    serial_shops, nicolae_shop_overgrown_old_shop, minivault_28
Elf:2:    serial_shops, shop, enter_trove_2, minmay_misc_feat_alley,
          minmay_shop_grove
Elf:3:    minmay_elf_hall_dome, minivault_14
Vaults:1: ontoclasm_vaults_ring_square, ontoclasm_vaults_spin,
          nicolae_vaults_ninety_degrees, nicolae_vaults_sealed_display,
          hangedman_vaults_hard_town_square, nicolae_vaults_yaktaur_gun_rack,
          vaults_room_fours, ontoclasm_vaults_eye, mu_enter_wizlab_1
Vaults:2: v_misc_10, vaults_room_stairs_pillars, ontoclasm_vaults_ligature,
          hangedman_vaults_capsules, v_pattern_4,
          vaults_room_grunt_arrival_ludios, grunt_vaults_swirl,
          vaults_standard_mumra_x, ontoclasm_vaults_pinch,
          ontoclasm_vaults_gateway, nicolae_vaults_little_squares_2,
          vaults_room_pool, serial_shops,
          nicolae_shop_competitors_out_of_business
Vaults:3: hangedman_vaults_slice, nicolae_vaults_three_branches,
          st_quartered_hall, vaults_dpeg_doors,
          ontoclasm_vaults_decontamination, nicolae_vaults_rhombus_7,
          ontoclasm_vaults_chip, nicolae_vaults_rhombus_6, vaults_room_corners,
          hangedman_vaults_cutoff, dummy_crypt_entry,
          portal_desolation_entry_salt
Vaults:4: ontoclasm_vaults_bender, nicolae_vaults_circle_grid_b,
          hangedman_vaults_stagger, vaults_room_door_ring,
          hangedman_vaults_river_flow, ontoclasm_vaults_fault,
          vaults_mumra_hexcomb, nicolae_vaults_network_quincunx,
          grunt_vaults_hallway_short, vaults_room_stairs_pillars,
          vaults_dpeg_ring, uniq_sojobo, uniq_jory
Depths:1: serial_shops, nicolae_shop_competitors_out_of_business,
          abyss_entry_small_statue_room, fountainhead, pf_coc_iceberg,
          hangedman_eye_storm, uniq_jorgrun
Depths:2: evilmike_diamond_1, hangedman_decor_lopped, hell_entry,
          kennysheep_kite_vault, minmay_staircase_windowed_small
Depths:3: hangedman_box_tower, pan_entry, hell_entry, abyss_entry,
          lemuel_crystal_altar, uniq_boris, uniq_asterion, uniq_frederick
Sewer:    sewer_minmay_treatment
Ossuary:  ossuary_crypta
IceCv:    ice_cave_caverns_01
WizLab:   wizlab_cloud

Skill      XL: |  1  2  3  4  5  6  7  8  9 10 11 12 13 14 15 16 17 18 19 20 21 22 23 |
---------------+----------------------------------------------------------------------+-----
Long Blades    | 2 3 4 5 6 7 9 10 11 13 14 15 16 | 16.0
Armour         | 3 4 5 6 7 8 9 10 11 12 13 14 15 | 15.3
Shields        | 3 4 5 6 7 8 9 10 11 12 13 14 15 | 15.5
Dodging        | 1 2 3 4 5 6 7 8 9 10 11 12 13 14 15 | 15.3
Fighting       | 4 5 6 7 8 9 10 11 12 13 14 15 16 | 16.7
Invocations    | 3 6 8 |  8.0
Evocations     | 2 5 7 8 |  8.0
Stealth        | 1 4 7 8 |  8.7
Spellcasting   | 8 14 15 | 15.2
Conjurations   | 3 8 |  8.3
Summonings     | 3 8 |  8.2
Earth Magic    | 2 7 |  7.4

Action                   |  1- 3 |  4- 6 |  7- 9 | 10-12 | 13-15 | 16-18 | 19-21 | 22-24 || total
-------------------------+-------+-------+-------+-------+-------+-------+-------+-------++-------
Melee: Long sword        |   125 |   357 |   525 |  1128 |  1924 |   243 |       |       ||  4302
       Headbutt          |       |       |       |   191 |   567 |   610 |   719 |   458 ||  2545
       Demon blade       |       |       |       |       |       |  1502 |  1516 |  1123 ||  4141
       Double sword      |       |       |       |       |       |   224 |   344 |    77 ||   645
Invok: Renounce Religion |       |     1 |       |       |       |       |       |       ||     1
       Heroism           |       |       |     5 |    18 |    10 |    10 |     8 |     4 ||    55
       Finesse           |       |       |       |       |       |     2 |       |     2 ||     4
Evoke: Wand              |       |       |       |     5 |     2 |       |     1 |     3 ||    11
       Lamp of fire      |       |       |       |       |     1 |       |       |       ||     1
  Use: Potion            |     2 |     3 |     9 |     4 |     1 |     7 |     4 |     2 ||    32
       Scroll            |       |     6 |    13 |     8 |    20 |    10 |    16 |    11 ||    84
 Stab: Sleeping          |       |    22 |    20 |    37 |    18 |    61 |    78 |    35 ||   271
       Distracted        |       |       |     2 |     6 |     6 |     9 |     5 |     9 ||    37
       Confused          |       |       |       |       |       |       |       |     1 ||     1
  Eat: Chunk             |     2 |    13 |    24 |    27 |    38 |    56 |    60 |    42 ||   262
       Meat ration       |       |       |     1 |     1 |       |     1 |       |     1 ||     4
       Fruit             |       |       |       |       |     1 |       |     2 |       ||     3
       Bread ration      |       |       |       |       |     1 |     1 |     1 |       ||     3
Armor: Scale mail        |    57 |    50 |       |       |       |       |       |       ||   107
       Robe              |       |    52 |    53 |       |       |       |       |       ||   105
       Troll leather arm |       |       |     8 |   217 |   363 |   413 |   131 |       ||  1132
       Fire dragon scale |       |       |       |       |       |       |    19 |   115 ||   134
Dodge: Dodged            |    35 |   188 |   289 |   671 |  1284 |  1143 |   962 |   533 ||  5105
       Deflected         |       |       |       |       |       |       |    22 |     6 ||    28
Block: Shield            |    55 |   183 |   272 |   609 |   496 |  1347 |   976 |   636 ||  4574
       Buckler           |       |       |       |       |   356 |       |       |       ||   356
       Rpst.: Long sword |    15 |    50 |    91 |   186 |   302 |    35 |       |       ||   679
       Demon blade       |       |       |       |       |       |   145 |   158 |    92 ||   395
       Double sword      |       |       |       |       |       |    34 |    58 |    11 ||   103
